 Dungeon Sprint DCSS version 0.16.2-2-g470672f (webtiles) character file.

697 cmyster the Unseen (level 7, -21/37 HPs)
             Began as a Spriggan Assassin on Aug 19, 2015.
             Was a Follower of Dithmenos.
             Killed by an exploding giant spore (30 damage)
             ... in the Dungeon (Sprint I: "Red Sonja").
             The game lasted 00:02:22 (158 turns).

cmyster the Unseen (Spriggan Assassin)               Turns: 158, Time: 00:02:23

Health: -21/37     AC:  3    Str:  8    XL:     7   Next: 38%
Magic:  14/14      EV: 18    Int: 12    God:    Dithmenos [*.....]
Gold:   195        SH:  0    Dex: 19    Spells: 0 memorised, 6 levels left

rFire  . . .     SeeInvis +     a - +2 dagger
rCold  . . .     Clarity  .     c - +0 robe
rNeg   . . .     SustAb   .     (shield restricted)
rPois  .         Gourm    .     (helmet restricted)
rElec  .         Spirit   .     d - +0 cloak
rCorr  .         Warding  .     (gloves unavailable)
rMut   .         NoTele   +     (boots unavailable)
MR     +....                    (no amulet)
Stlth  ++++......               (no ring)
                                q - ring of flight

@: confused, wreathed by umbra, very quick, somewhat resistant to hostile
enchantments, stealthy
A: unfitting armour, see invisible, herbivore 3, speed 3, slow metabolism 2
a: Renounce Religion, Evoke Flight


You were in the Dungeon.
You worshipped Dithmenos.
Dithmenos was aware of your devotion.
You were not hungry.

You visited 1 branch You collected 405 gold pieces.
You spent 210 gold pieces at shops.

Inventory:

Hand weapons
 a - a +2 dagger (weapon)
 b - a +0 blowgun
 p - a +0 dagger of venom
Missiles
 e - 8 poisoned needles
 f - 11 curare-tipped needles
Armour
 c - a +0 robe (worn)
 d - a +0 cloak (worn)
Jewellery
 q - a ring of flight (left hand)
Scrolls
 m - a scroll of blinking
 o - a scroll of identify {unknown}
Potions
 h - a potion of curing
 i - a potion of heal wounds
 j - a potion of haste
 k - 2 potions of magic
 l - a potion of berserk rage
 n - a potion of agility {unknown}
Comestibles
 g - a bread ration


   Skills:
 + Level 4.1 Fighting
 + Level 5.7 Short Blades
 + Level 5.7 Throwing
 + Level 2.6 Dodging
 + Level 19.8 Stealth


You had 6 spell levels left.
You didn't know any spells.

Dungeon Overview and Level Annotations

Branches:
Dungeon (1/1)

Altars:
Cheibriados
Dithmenos
Elyvilon
Fedhas
Gozag
Kikubaaqudgha
Makhleb
Nemelex Xobeh
Okawaru
Qazlal
Ru
Sif Muna
Trog
Vehumet
Xom
Yredelemnul
Zin
The Shining One
Jiyva

Shops:
D =*


Innate Abilities, Weirdness & Mutations

You are tiny and cannot use many weapons and most armour.
You have supernaturally acute eyesight.
You are a herbivore.
You cover ground extremely quickly.
You need consume almost no food.


Message History

q - an uncursed ring of flight Thank you for shopping at Xaekesk's Jewellery Boutique!
q - a ring of flight (left hand)
There is an open door here.
Things that are here:
a blowgun; the kobold corpse of Sonja As you open the door, it creaks loudly! 2 giant spores come into view.
The giant spore waves its rhizomes.
The giant spore explodes!
The explosion of spores engulfs you!
You are confused.
Ouch! That really hurt!
* * * LOW HITPOINT WARNING * * *
The explosion of spores engulfs the giant spore.
The giant spore explodes!
The explosion of spores engulfs you!
You are more confused.
Ouch! That really hurt!
You die...

#..#__####..##.#
#..#_..__##'#..+
#⌠⌠#_.∩..†'..._#
####_..._##_.#+#
#_____###'#
############.##
#∩........'...+
###++++####.).#
##@## #'# !$!


$$$%$ ####### There were no monsters in sight!

Vanquished Creatures
  Sonja (D)
  A yak (D)
  A slime creature (D)
  An ogre (D)
  Sigmund (D)
  A jelly (D)
  Ijyb (D)
7 creatures vanquished.

Notes
Turn   | Place    | Note
--------------------------------------------------------------
     0 | D        | cmyster, the Spriggan Assassin, began the quest for the Orb.
     0 | D        | Reached XP level 1. HP: 10/10 MP: 2/2
     2 | D        | Noticed Ijyb
     5 | D        | Killed Ijyb
     5 | D        | Reached skill level 9 in Stealth
     5 | D        | Reached XP level 2. HP: 13/15 MP: 4/4
     8 | D        | Noticed an ogre
    11 | D        | Killed an ogre
    11 | D        | Reached skill level 12 in Stealth
    11 | D        | Reached XP level 3. HP: 15/19 MP: 6/6
    11 | D        | Reached XP level 4. HP: 18/23 MP: 8/8
    23 | D        | Noticed Sigmund
    26 | D        | Killed Sigmund
    26 | D        | Reached skill level 14 in Stealth
    26 | D        | Reached XP level 5. HP: 21/28 MP: 10/10
    43 | D        | Found a snail-covered altar of Cheibriados.
    43 | D        | Found a viscous altar of Jiyva.
    43 | D        | Found a shadowy altar of Dithmenos.
    43 | D        | Found a blossoming altar of Fedhas.
    43 | D        | Noticed a slime creature
    46 | D        | Killed a slime creature
    46 | D        | Reached skill level 5 in Throwing
    46 | D        | Reached skill level 16 in Stealth
    46 | D        | Reached XP level 6. HP: 26/32 MP: 12/12
    51 | D        | Became a worshipper of Dithmenos the Shadowed
    56 | D        | Found a deep blue altar of Sif Muna.
    57 | D        | Noticed a jelly
    58 | D        | Found a radiant altar of Vehumet.
    64 | D        | Killed a jelly
    64 | D        | Reached skill level 17 in Stealth
    91 | D        | Found Khag's Assorted Antiques.
    91 | D        | Found a white marble altar of Elyvilon.
    91 | D        | Found a stormy altar of Qazlal.
    91 | D        | Found a burning altar of Makhleb.
    91 | D        | Found a sacrificial altar of Ru.
    91 | D        | Found a basalt altar of Yredelemnul.
    91 | D        | Found a glowing golden altar of the Shining One.
    91 | D        | Found a sparkling altar of Nemelex Xobeh.
    91 | D        | Found a shimmering altar of Xom.
    91 | D        | Found an opulent altar of Gozag.
    91 | D        | Found an ancient bone altar of Kikubaaqudgha.
    91 | D        | Found a glowing silver altar of Zin.
    91 | D        | Noticed a yak
    92 | D        | Found an iron altar of Okawaru.
    93 | D        | Killed a yak
    93 | D        | Reached skill level 5 in Short Blades
    93 | D        | Reached skill level 18 in Stealth
    94 | D        | Found a bloodstained altar of Trog.
   111 | D        | Noticed Sonja
   115 | D        | Killed Sonja
   115 | D        | Reached skill level 19 in Stealth
   115 | D        | Reached XP level 7. HP: 34/37 MP: 14/14
   135 | D        | Found Xaekesk's Jewellery Boutique.
   144 | D        | Bought an uncursed ring of flight for 210 gold pieces
   158 | D        | Killed by an exploding giant spore

Action                   |  1- 3 |  4- 6 |  7- 9 || total
-------------------------+-------+-------+-------++-------
Melee: Dagger            |     2 |     5 |       ||     7
 Stab: Sleeping          |     2 |     5 |       ||     7
